[Event "fics rated crazyhouse match"]
[Site "fics, Oklahoma City, OK USA"]
[Date "2000.12.24"]
[White "spurs"]
[WhiteElo "2184"]
[Black "JKiller"]
[BlackElo "2397"]
[TimeControl "60+0"]
[Result "1-0"]

1. d4 e6 2. Nf3 Nc6 3. Nc3 Nf6 4. Bg5 Be7 5. e3 d6 6. Bd3 
Ng4 7. Bxe7 Qxe7 8. B@h4 f6 9. h3 Nh6 10. Ne4 Nf5 11. O-O B@h5 
12. Bg3 Bxf3 13. Qxf3 Ncxd4 14. exd4 Nxd4 15. Qh5+ P@g6 16. Qd1 N@f5 17. Nc3 
Nxg3 18. fxg3 B@b6 19. B@f2 O-O 20. N@g4 f5 21. Ne3 P@e4 22. Bc4 d5 
23. Nexd5 exd5 24. Nxd5 Qf7 25. N@g5 Qe8 26. Nf6+ Kh8 27. Nxe8 N@e5 28. Bxd4 
Bxd4+ 29. Qxd4 B@b6 30. P@c5 Bxc5 31. Qxc5 Rxe8 32. Qxe5 Be6 33. Bxe6 P@f6 
34. N@f7# 
{JKiller resigns} 1-0

[Event "fics rated crazyhouse match"]
[Site "fics, Oklahoma City, OK USA"]
[Date "2000.12.24"]
[White "JKiller"]
[WhiteElo "2385"]
[Black "JiggaB"]
[BlackElo "2271"]
[TimeControl "60+0"]
[Result "0-1"]

1. e4 e6 2. d4 Nc6 3. Nc3 Bb4 4. a3 Bxc3+ 5. bxc3 Nf6 6. e5 
Ne4 7. Qd3 Nxf2 8. Kxf2 Qh4+ 9. B@g3 N@e4+ 10. Kf3 Nxg3 11. hxg3 Qxh1 
12. Be3 B@h5+ 13. N@g4 Bxg4+ 14. Kxg4 h5+ 15. Kf3 P@g4+ 16. Kf2 R@f5+ 17. B@f4 
N@g6 18. N@b5 Nxf4 19. Bxf4 B@b6 20. N@e3 h4 21. Nxf5 exf5 22. Re1 hxg3+ 
23. Bxg3 P@h4 24. P@d6 hxg3+ 25. Ke2 Qxg1 26. Kd1 N@f2+ 27. Kc1 Nxd3# 
{JKiller resigns} 0-1

[Event "fics rated crazyhouse match"]
[Site "fics, Oklahoma City, OK USA"]
[Date "2000.12.24"]
[White "JiggaB"]
[WhiteElo "2282"]
[Black "JKiller"]
[BlackElo "2374"]
[TimeControl "60+0"]
[Result "0-1"]

1. e4 e6 2. Nc3 Nc6 3. d4 Bb4 4. Be3 Nf6 5. Bd3 d5 6. e5 
Ne4 7. Bxe4 dxe4 8. Nh3 B@a5 9. O-O Bxc3 10. bxc3 Bxc3 11. f3 N@f5 
12. f4 Nxe3 13. Qh5 B@g6 14. B@h4 Qxd4 15. Bf2 Bxh5 16. Bxe3 Qxe3+ 17. N@f2 
B@f3 
{JiggaB resigns} 0-1

[Event "fics rated crazyhouse match"]
[Site "fics, Oklahoma City, OK USA"]
[Date "2000.12.24"]
[White "JKiller"]
[WhiteElo "2380"]
[Black "JiggaB"]
[BlackElo "2276"]
[TimeControl "60+0"]
[Result "0-1"]

1. e4 e6 2. d4 Nc6 3. d5 exd5 4. exd5 Ne5 5. Nc3 d6 6. Be2 
Nf6 7. P@f4 Ng6 8. Nf3 P@h3 9. gxh3 Bxh3 10. Ng5 Bf5 11. P@e6 Be7 
12. Nxf7 O-O 13. Nxd8 Raxd8 14. Rg1 N@h3 15. Rg3 P@h4 16. Rg2 Ne4 17. Nxe4 
Bxe4 18. Bf3 Bxf3 19. Qxf3 N@e5 20. P@f7+ Kh8 21. fxe5 Nxe5 22. Q@g8+ Rxg8 
23. fxg8=Q+ Kxg8 24. B@f7+ Kh8 25. Qxh3 B@a5+ 26. N@c3 Bxc3+ 27. Qxc3 N@f3+ 28. Kd1 
Q@f1+ 29. B@e1 P@e2# 
{JKiller checkmated} 0-1

[Event "fics rated crazyhouse match"]
[Site "fics, Oklahoma City, OK USA"]
[Date "2000.12.24"]
[White "JiggaB"]
[WhiteElo "2286"]
[Black "JKiller"]
[BlackElo "2370"]
[TimeControl "60+0"]
[Result "0-1"]

1. e4 e6 2. Nc3 d5 3. d4 dxe4 4. Nxe4 Nc6 5. Nf3 P@g4 6. Nfg5 
Qxd4 7. Be3 Qb4+ 8. P@c3 Qxb2 9. Nxf7 Kxf7 10. Bc4 Nf6 11. Nxf6 gxf6 
12. O-O Rg8 13. P@b5 Qxc3 14. bxc6 Qxc4 15. N@d8+ Ke7 16. cxb7 Bxb7 17. Nxb7 
B@c6 18. B@c5+ P@d6 19. Nxd6 N@e2+ 20. Qxe2 Qxe2 21. Nf5+ Kd7 22. Rad1+ P@d3 
23. N@e5+ fxe5 24. N@f6+ Kc8 25. P@d7+ Kb7 26. Rb1+ P@b6 27. P@e4 P@f3 28. Rxb6+ 
axb6 29. d8=N+ Rxd8 30. Nd6+ cxd6 31. P@a6+ Kxa6 32. Nd7 N@h3+ 33. Kh1 fxg2+ 
34. Kxg2 Q@f3# 
{JiggaB checkmated} 0-1

[Event "fics rated crazyhouse match"]
[Site "fics, Oklahoma City, OK USA"]
[Date "2000.12.24"]
[White "JKiller"]
[WhiteElo "2376"]
[Black "JiggaB"]
[BlackElo "2280"]
[TimeControl "60+0"]
[Result "0-1"]

1. e4 e6 2. d4 Nc6 3. d5 Bb4+ 4. c3 exd5 5. exd5 Qe7+ 6. Be2 
Ne5 7. cxb4 d6 8. B@a4+ Bd7 9. Be3 Bxa4 10. Qxa4+ B@d7 11. B@b5 P@c6 
12. dxc6 Bxc6 13. Bxc6+ Nxc6 14. P@d5 B@d7 15. dxc6 Bxc6 16. B@b5 Bxb5 17. Bxb5+ 
P@c6 18. Bxc6+ bxc6 19. Qxc6+ B@d7 20. Qxa8+ B@d8 21. B@d3 Nf6 22. Nc3 P@e4 
23. Be2 O-O 24. N@d5 Nxd5 25. Nxd5 Qe5 26. N@c3 Bh4 27. P@g3 Rxa8 28. gxh4 
N@c2+ 29. Kf1 Nxa1 30. P@e7 R@e8 31. B@d4 Q@f6 32. P@c4 Qxd4 33. Bxd4 Qxd4 
34. R@d8 Raxd8 35. exd8=Q Rxd8 
{JKiller forfeits on time} 0-1

[Event "fics rated crazyhouse match"]
[Site "fics, Oklahoma City, OK USA"]
[Date "2000.12.24"]
[White "JiggaB"]
[WhiteElo "2290"]
[Black "JKiller"]
[BlackElo "2366"]
[TimeControl "60+0"]
[Result "1-0"]

1. e4 e6 2. Nc3 Nc6 3. d4 Be7 4. Be3 Nf6 5. Bd3 d5 6. e5 
Nd7 7. Nh3 f6 8. f4 O-O 9. O-O f5 10. Qh5 Nb4 11. Rf3 Nb6 
12. Rg3 Bd7 13. Rf1 Be8 14. Rxg7+ Kxg7 15. P@h6+ Kg8 16. Qf3 R@g6 17. Ng5 
Rxh6 18. Qg3 Rg6 19. Nxe6 Rxg3 20. hxg3 Qd7 21. R@g7+ Kh8 22. Nxf8 Bxf8 
23. R@g8# 
{JKiller checkmated} 1-0

[Event "fics rated crazyhouse match"]
[Site "fics, Oklahoma City, OK USA"]
[Date "2000.12.24"]
[White "pminear"]
[WhiteElo "2522"]
[Black "Fudpucker"]
[BlackElo "2195"]
[TimeControl "60+0"]
[Result "1-0"]

1. e4 e6 2. Nc3 Nc6 3. d4 Nf6 4. e5 Nd5 5. Nxd5 exd5 6. Nf3 
d6 7. Bb5 Bg4 8. Qe2 Be7 9. N@b4 O-O 10. Bxc6 bxc6 11. Nxc6 Bxf3 
12. gxf3 B@g5 13. Nxd8 Raxd8 14. P@g2 Bxc1 15. Rxc1 B@g5 16. B@e3 N@f4 17. Bxf4 
Bxf4 18. B@e3 B@g5 19. N@f5 Bxe3 20. fxe3 B@h6 21. B@f2 dxe5 22. dxe5 d4 
23. P@f6 Bexf6 24. exf6 Bxf6 25. Nxh6+ gxh6 26. N@f5 P@g7 27. B@e7 dxe3 28. Bxe3 
Bxb2 29. Bxf8 Rxf8 30. P@e7 B@b4+ 31. B@d2 Bxe7 32. Nxe7+ Kh8 33. B@c3 Bxc3 
34. Bxc3 N@e6 35. Bxg7+ Nxg7 36. B@f6 N@e6 37. Bxg7+ Nxg7 38. P@f6 Ne6 39. Bxh6 
N@f5 40. P@g7# 
{Fudpucker forfeits on time} 1-0

[Event "fics rated crazyhouse match"]
[Site "fics, Oklahoma City, OK USA"]
[Date "2000.12.24"]
[White "Fudpucker"]
[WhiteElo "2193"]
[Black "pminear"]
[BlackElo "2524"]
[TimeControl "60+0"]
[Result "1-0"]

1. e4 e5 2. Nf3 Nc6 3. Be2 Bc5 4. d3 Nf6 5. O-O d6 6. Nc3 
Bg4 7. Bg5 Bxf3 8. Bxf3 Nd4 9. B@e2 c6 10. Bxf6 gxf6 11. N@f5 Nxf5 
12. exf5 Rg8 13. Ne4 N@f4 14. N@h5 B@e7 15. Nxc5 dxc5 16. B@g3 Nxh5 17. Bxh5 
N@g5 18. N@h6 Rg7 19. Bh4 N@f4 20. Bxg5 fxg5 21. Bxf7+ Rxf7 22. Nxf7 Kxf7 
23. N@h6+ Kg7 24. Ng4 N@g8 25. P@g3 Nxe2+ 26. Qxe2 B@f6 27. N@e6+ Kh8 28. Nxd8 
Rxd8 29. Nxe5 B@e8 30. P@f7 Bxe5 31. fxg8=Q+ Kxg8 32. N@h6+ Kg7 33. R@g8+ Kxh6 
34. h4 B@g7 35. hxg5+ Bxg5 36. P@h4 P@h2+ 37. Kxh2 N@g4+ 38. Qxg4 N@h5 39. hxg5# 
{pminear checkmated} 1-0

[Event "fics rated crazyhouse match"]
[Site "fics, Oklahoma City, OK USA"]
[Date "2000.12.24"]
[White "pminear"]
[WhiteElo "2510"]
[Black "Fudpucker"]
[BlackElo "2207"]
[TimeControl "60+0"]
[Result "1-0"]

1. e4 e6 2. Nc3 Nc6 3. d4 Nf6 4. e5 Nd5 5. Nxd5 exd5 6. Nf3 
d6 7. Bb5 Bg4 8. Qe2 Be7 9. N@b4 O-O 10. Bxc6 bxc6 11. Nxc6 Bxf3 
12. gxf3 N@g2+ 13. Kd1 N@f4 14. Bxf4 Nxf4 15. Qd2 B@e2+ 16. Kc1 Bxf3 17. Nxd8 
Raxd8 18. P@f6 N@e2+ 19. Kb1 B@h6 20. N@f5 Nh5 21. Nxh6+ gxh6 22. Qxh6 N@f5 
23. Qg5+ P@g6 24. N@h6+ Kh8 25. Q@g8+ Rxg8 26. Nxf7# 
{Fudpucker checkmated} 1-0

[Event "fics rated crazyhouse match"]
[Site "fics, Oklahoma City, OK USA"]
[Date "2000.12.24"]
[White "Fudpucker"]
[WhiteElo "2205"]
[Black "pminear"]
[BlackElo "2512"]
[TimeControl "60+0"]
[Result "0-1"]

1. e4 e5 2. Nf3 Nc6 3. Be2 Bc5 4. O-O Nf6 5. d3 d6 6. Bg5 
Be6 7. Nc3 Nd4 8. Bxf6 Qxf6 9. Nxd4 Bxd4 10. N@d5 Qd8 11. N@b5 B@b6 
12. Nxb6 Bxb6 13. B@d5 c6 14. Bxe6 fxe6 15. Na3 O-O 16. Nc4 N@f4 17. B@f3 
N@d4 18. Nxb6 axb6 19. B@g4 N@g5 20. Kh1 B@g6 21. Nb1 Nfxe2 22. Bxe2 Nxe2 
23. Bxe2 B@f4 24. Nd2 Bxd2 25. Qxd2 B@f4 26. B@e3 Bxe3 27. fxe3 N@f2+ 28. Rxf2 
Rxf2 29. B@h4 Rf7 30. Bxg5 Qxg5 31. N@f3 Qe7 32. N@g3 B@g4 33. N@g5 Rff8 
{Fudpucker forfeits on time} 0-1

[Event "fics rated crazyhouse match"]
[Site "fics, Oklahoma City, OK USA"]
[Date "2000.12.24"]
[White "pminear"]
[WhiteElo "2514"]
[Black "Fudpucker"]
[BlackElo "2203"]
[TimeControl "60+0"]
[Result "1-0"]

1. e4 e6 2. Nc3 Nf6 3. e5 Nd5 4. Nxd5 exd5 5. d4 d6 6. Nf3 
Bg4 7. Be2 Be7 8. O-O O-O 9. Be3 Nc6 10. exd6 cxd6 11. P@h6 gxh6 
12. Bxh6 P@e4 13. Bxf8 Qxf8 14. R@g3 P@h5 15. Ne1 B@f3 16. gxf3 exf3 17. Nxf3 
P@f4 18. Rg2 Nxd4 19. Nxd4 N@h3+ 20. Kh1 Qg7 21. N@f5 f3 22. Bxf3 Bxf3 
23. Qxf3 B@g4 24. N@h6+ Kh8 25. Nxg4 hxg4 26. Rxg4 P@e4 27. Qxh3 Qxg4 28. Qxg4 
R@g6 29. Q@g7# 
{Fudpucker resigns} 1-0

[Event "fics rated crazyhouse match"]
[Site "fics, Oklahoma City, OK USA"]
[Date "2000.12.24"]
[White "Fudpucker"]
[WhiteElo "2201"]
[Black "pminear"]
[BlackElo "2516"]
[TimeControl "60+0"]
[Result "0-1"]

1. e4 e5 2. Nf3 Nf6 3. Be2 Nxe4 4. Nxe5 Nc6 5. Nxc6 dxc6 6. O-O 
P@h3 7. gxh3 Bxh3 8. d3 Bxf1 9. Bxf1 R@g6+ 10. P@g3 Nxf2 11. Kxf2 Bc5+ 
12. B@e3 P@d4 13. Bf4 P@e3+ 14. Kg1 N@f2 15. Qe2 Bd6 16. Bfxe3 dxe3 17. Qxe3+ 
Qe7 18. Qxf2 B@b6 19. P@e3 Rf6 20. P@f4 Bdc5 21. N@c4 Bxe3 22. Bxe3 Bxe3 
23. Nxe3 B@d4 24. P@d2 Bxb2 25. B@b3 Bxa1 26. B@g5 Bd4 27. Bxf6 gxf6 28. N@g7+ 
Kd8 29. Ngf5 Bxe3 30. dxe3 Qd7 31. B@e7+ Kc8 32. Bxf6 N@g4 33. Ne7+ Kb8 
34. N@c5 B@e6 35. Nxd7+ Bxd7 36. P@a6 Nxf2 37. Kxf2 N@g4+ 38. Ke2 Q@f2+ 39. Kd1 
R@e1# 
{Fudpucker checkmated} 0-1

[Event "fics rated crazyhouse match"]
[Site "fics, Oklahoma City, OK USA"]
[Date "2000.12.24"]
[White "pminear"]
[WhiteElo "2518"]
[Black "Fudpucker"]
[BlackElo "2199"]
[TimeControl "60+0"]
[Result "1-0"]

1. e4 e6 2. Nc3 Nc6 3. d4 Nf6 4. e5 Nd5 5. Nxd5 exd5 6. Nf3 
d6 7. Bb5 Bg4 8. N@b4 dxe5 9. Nxc6 bxc6 10. Bxc6+ P@d7 11. Bxd5 exd4 
12. Bxf7+ Kxf7 13. Ne5+ Ke7 14. Qxg4 B@e6 15. P@f5 N@f6 16. B@h4 N@d6 17. fxe6 
dxe6 18. N@c6+ Ke8 19. Bxf6 Qxf6 20. P@d7# 
{Fudpucker checkmated} 1-0

[Event "fics rated crazyhouse match"]
[Site "fics, Oklahoma City, OK USA"]
[Date "2000.12.24"]
[White "Fudpucker"]
[WhiteElo "2197"]
[Black "pminear"]
[BlackElo "2520"]
[TimeControl "60+0"]
[Result "0-1"]

1. e4 e5 2. Nf3 Nc6 3. Be2 Nf6 4. d3 d5 5. exd5 Nxd5 6. Nc3 
Nxc3 7. bxc3 Bd6 8. O-O P@h3 9. gxh3 Bxh3 10. Ng5 Bxf1 11. Qxf1 R@g6 
12. N@h3 N@f4 13. Bxf4 exf4 14. B@h4 P@f6 15. P@h5 Rxg5+ 16. Bxg5 fxg5 17. N@f5 
B@f6 18. R@e4+ B@e6 19. P@d5 Qd7 20. dxe6 fxe6 21. Nd4 Bxd4 22. cxd4 N@h4 
23. B@f3 g4 24. Bxg4 P@g2 25. Qd1 N@f8 26. P@g6 hxg6 27. hxg6 Nhxg6 28. B@h5 
P@f7 29. Bxg6 Nxg6 30. P@f6 gxf6 31. N@g7+ Kd8 32. Nh5 B@d5 33. Nxf6 Bxe4 
34. Nxe4 f3 35. Bexf3 Nh4 
{Fudpucker forfeits on time} 0-1

[Event "fics rated crazyhouse match"]
[Site "fics, Oklahoma City, OK USA"]
[Date "2000.12.24"]
[White "pminear"]
[WhiteElo "2522"]
[Black "Fudpucker"]
[BlackElo "2195"]
[TimeControl "60+0"]
[Result "1-0"]

1. e4 Nf6 2. Nc3 d5 3. exd5 Nxd5 4. d4 e6 5. Bd3 Bb4 6. Bd2 
Nc6 7. Nf3 Bxc3 8. bxc3 O-O 9. O-O f5 10. Ng5 P@f6 11. P@f7+ Rxf7 
12. Nxf7 Kxf7 13. B@h5+ P@g6 14. Bf3 N@h4 15. c4 Nxf3+ 16. Qxf3 Nde7 17. Qh3 
B@h5 18. N@f4 N@g5 19. Qh4 Nxd4 20. Nxh5 gxh5 21. Qxh5+ P@g6 22. Qd1 N@f3+ 
23. Kh1 Nxd2 24. Qxd2 B@f3 25. Rg1 Bxg2+ 26. Rxg2 P@f3 27. B@f1 fxg2+ 28. Bxg2 
b6 29. N@e5+ fxe5 30. Qxg5 
{Fudpucker forfeits on time} 1-0

[Event "fics rated crazyhouse match"]
[Site "fics, Oklahoma City, OK USA"]
[Date "2000.12.24"]
[White "Fudpucker"]
[WhiteElo "2193"]
[Black "pminear"]
[BlackElo "2524"]
[TimeControl "60+0"]
[Result "0-1"]

1. e4 e5 2. Nf3 Nc6 3. Be2 Nf6 4. d3 d5 5. exd5 Nxd5 6. Nc3 
Bb4 7. Bd2 Bxc3 8. bxc3 P@f4 9. B@b5 Bd7 10. Bxc6 Bxc6 11. Nxe5 Nxc3 
12. Bxc3 Bxg2 13. Rg1 P@e3 14. Rxg2 exf2+ 15. Rxf2 B@e3 16. Rg2 P@f2+ 17. Rxf2 
Bxf2+ 18. Kxf2 Qh4+ 19. Kf3 R@e3+ 20. Kg2 P@h3+ 21. Kg1 Qg5+ 22. N@g4 Rxe5 
23. Bxe5 N@e3 24. P@d7+ Kxd7 25. N@c5+ Ke8 26. P@d7+ Ke7 27. B@f6+ gxf6 28. Bxf6+ 
Qxf6 29. Nxf6 P@f2+ 30. Kxf2 B@h4+ 31. P@g3 Nxd1+ 32. Rxd1 fxg3+ 33. hxg3 Bxg3+ 
34. Kxg3 P@f4+ 35. Kxf4 P@e5+ 36. Ke3 Q@f4# 
{Fudpucker checkmated} 0-1

[Event "fics rated crazyhouse match"]
[Site "fics, Oklahoma City, OK USA"]
[Date "2000.12.24"]
[White "pminear"]
[WhiteElo "2526"]
[Black "Fudpucker"]
[BlackElo "2191"]
[TimeControl "60+0"]
[Result "1-0"]

1. e4 e6 2. Nc3 Nc6 3. d4 Nf6 4. e5 Nd5 5. Nxd5 exd5 6. Nf3 
d6 7. Bb5 Bg4 8. N@b4 N@b8 9. Nxd5 dxe5 10. dxe5 Bxf3 11. Qxf3 N@d4 
12. Qe4 Nxb5 13. O-O B@e6 14. B@g5 Qxd5 15. Qxd5 Bxd5 16. Q@c8+ N@d8 17. f3 
Q@d7 18. Qxd7+ Nxd7 19. P@f6 P@e2 20. Re1 Ncxe5 21. Bcf4 Bxf3 22. fxg7 Bxg7 
23. Q@e7# 
{Fudpucker checkmated} 1-0

[Event "fics rated crazyhouse match"]
[Site "fics, Oklahoma City, OK USA"]
[Date "2000.12.24"]
[White "Fudpucker"]
[WhiteElo "2189"]
[Black "pminear"]
[BlackElo "2528"]
[TimeControl "60+0"]
[Result "0-1"]

1. e4 e5 2. Nf3 Nf6 3. d3 Nc6 4. Bg5 Be7 5. Nc3 d6 6. Bxf6 
Bxf6 7. Nd5 B@h5 8. Nxf6+ Qxf6 9. N@d5 Qd8 10. Be2 Bxf3 11. Bxf3 N@h4 
12. B@e2 Nxf3+ 13. Bxf3 N@h4 14. B@e2 Nxf3+ 15. Bxf3 B@h6 16. Nxc7+ Qxc7 17. N@d5 
B@a5+ 18. P@b4 O-O 19. Nxc7 Bxc7 20. h4 Nd4 21. N@g4 Bxg4 22. Bxg4 N@f4 
23. B@f3 N@e6 24. Bxe6 Ndxe6 25. N@g4 B@e7 26. Nxh6+ gxh6 27. B@f5 Kh8 28. h5 
Rg8 29. Bxh7 Kxh7 30. P@g6+ fxg6 31. hxg6+ Rxg6 32. P@f5 Rg7 33. fxe6 B@d4 
34. Q@f5+ P@g6 35. Qg4 Bxf2+ 36. Kxf2 Bb6+ 37. Kg3 N@h5# 
{Fudpucker forfeits on time} 0-1

[Event "fics rated crazyhouse match"]
[Site "fics, Oklahoma City, OK USA"]
[Date "2000.12.24"]
[White "pminear"]
[WhiteElo "2530"]
[Black "Fudpucker"]
[BlackElo "2187"]
[TimeControl "60+0"]
[Result "1-0"]

1. e4 e6 2. Nc3 Nc6 3. d4 Nf6 4. e5 Nd5 5. Nxd5 exd5 6. Nf3 
d6 7. Bb5 Bg4 8. N@b4 N@b8 9. Nxd5 dxe5 10. Bxc6+ Nxc6 11. dxe5 Bxf3 
12. Qxf3 Nxe5 13. N@f6+ gxf6 14. Nxf6+ Ke7 15. B@b4+ P@d6 16. Nd5+ Kd7 17. Qe2 
N@h4 18. f3 B@h6 19. P@f4 N@d4 20. Qf2 Nexf3+ 21. gxf3 Nhxf3+ 22. Kd1 P@e2+ 
23. Qxe2 Nxe2 24. N@f6+ Kc8 25. Be3 Nxf4 26. P@d7+ Kb8 27. Nxf4 Qxf6 28. N@d5 
P@e2+ 29. Kxe2 N@d4+ 30. Kd1 Qd8 31. Bxd4 
{Fudpucker forfeits on time} 1-0

[Event "fics rated crazyhouse match"]
[Site "fics, Oklahoma City, OK USA"]
[Date "2000.12.24"]
[White "Fudpucker"]
[WhiteElo "2185"]
[Black "pminear"]
[BlackElo "2532"]
[TimeControl "60+0"]
[Result "0-1"]

1. e4 e5 2. Nf3 Nc6 3. Be2 Nf6 4. d3 d5 5. Bg5 dxe4 6. Bxf6 
gxf6 7. dxe4 B@d4 8. O-O P@h3 9. gxh3 Bxh3 10. Re1 Rg8+ 11. P@g3 Bxf2+ 
12. Kxf2 Qxd1 13. Rxd1 Q@g2+ 14. Ke3 Bc5+ 15. Kd3 P@c4+ 16. Kd2 Rd8+ 17. P@d3 
P@e3+ 18. Kc1 Qxe2 19. Nc3 Qxf3 20. B@f5 Bxf5 21. exf5 B@d2+ 22. Kb1 Bxc3 
23. bxc3 Qxd1+ 24. Kb2 B@a3# 
{Fudpucker checkmated} 0-1

[Event "fics rated crazyhouse match"]
[Site "fics, Oklahoma City, OK USA"]
[Date "2000.12.24"]
[White "pminear"]
[WhiteElo "2534"]
[Black "Fudpucker"]
[BlackElo "2183"]
[TimeControl "60+0"]
[Result "1-0"]

1. e4 e6 2. Nc3 Nc6 3. d4 Nf6 4. e5 Nd5 5. Nxd5 exd5 6. Nf3 
d6 7. Bb5 Bg4 8. N@e3 Bxf3 9. Qxf3 dxe5 10. Nxd5 exd4 11. Bxc6+ bxc6 
12. N@f6+ gxf6 13. Nxf6+ Ke7 14. Qxc6 B@d6 15. Nd5+ Ke6 16. P@f5+ Kxf5 17. P@e4+ 
Kg6 18. Nf4+ Kf6 19. e5+ Kxe5 20. Qd5+ Kf6 21. B@h4+ Kg7 22. P@h6+ Kg8 
23. Bxd8 Bxh6 24. Qxf7+ Kxf7 25. P@e6+ Kf8 26. Q@f7# 
{Fudpucker checkmated} 1-0

[Event "fics rated crazyhouse match"]
[Site "fics, Oklahoma City, OK USA"]
[Date "2000.12.24"]
[White "Fudpucker"]
[WhiteElo "2181"]
[Black "pminear"]
[BlackElo "2536"]
[TimeControl "60+0"]
[Result "0-1"]

1. e4 e5 2. Nf3 Nf6 3. Nxe5 Nc6 4. Nxc6 dxc6 5. d3 Bc5 6. Nc3 
Bg4 7. Be2 Bxe2 8. Qxe2 N@d4 9. Qd1 B@h5 10. P@f3 Bb4 11. Bd2 Bxc3 
12. Bxc3 Bxf3 13. Bxd4 Bxd1 14. Rxd1 Qxd4 15. N@f5 Qxf2+ 16. Kxf2 Ng4+ 17. Kg3 
Q@f2+ 18. Kh3 N@f4+ 19. Kxg4 h5+ 20. Kg5 B@f6# 
{Fudpucker checkmated} 0-1

[Event "fics rated crazyhouse match"]
[Site "fics, Oklahoma City, OK USA"]
[Date "2000.12.24"]
[White "pminear"]
[WhiteElo "2538"]
[Black "Fudpucker"]
[BlackElo "2179"]
[TimeControl "60+0"]
[Result "1-0"]

1. e4 Nf6 2. Nc3 d5 3. exd5 Nxd5 4. d4 Nxc3 5. bxc3 Bf5 6. Nf3 
e6 7. Be2 Be7 8. N@e3 O-O 9. O-O Nc6 10. Nxf5 exf5 11. d5 P@g4 
12. dxc6 gxf3 13. Bxf3 N@h4 14. N@d5 Nxf3+ 15. Qxf3 B@e4 16. Nxe7+ Qxe7 17. Qh5 
Bxg2 18. Kxg2 P@b2 19. N@d5 Qe4+ 20. B@f3 bxc1=Q 21. Bxe4 fxe4 22. Nf6+ Kh8 
23. Qxh7# 
{Fudpucker checkmated} 1-0

[Event "fics rated crazyhouse match"]
[Site "fics, Oklahoma City, OK USA"]
[Date "2000.12.24"]
[White "Fudpucker"]
[WhiteElo "2177"]
[Black "pminear"]
[BlackElo "2540"]
[TimeControl "60+0"]
[Result "0-1"]

1. e4 e5 2. Nf3 Nc6 3. Bc4 Bc5 4. O-O Nf6 5. Nc3 O-O 6. d3 
d6 7. Bg5 Bg4 8. Bxf6 Qxf6 9. Nd5 Qh6 10. N@e7+ Kh8 11. Nxc6 bxc6 
12. N@e3 Bxf3 13. Qxf3 N@h4 14. Qh3 N@g5 15. Qg4 cxd5 16. B@g3 B@h5 17. Qxh4 
N@f3+ 18. Kh1 Nxh4 19. Bxh4 Bf3 20. Bxg5 Qxg5 21. N@h3 Bxg2+ 22. Nxg2 Qxg2+ 
23. Kxg2 Q@g4+ 24. B@g3 B@f3+ 25. Kg1 N@e2# 
{Fudpucker checkmated} 0-1

[Event "fics rated crazyhouse match"]
[Site "fics, Oklahoma City, OK USA"]
[Date "2000.12.24"]
[White "pminear"]
[WhiteElo "2542"]
[Black "Fudpucker"]
[BlackElo "2175"]
[TimeControl "60+0"]
[Result "1-0"]

1. e4 e6 2. Nc3 Nc6 3. d4 Nf6 4. e5 Nd5 5. Nxd5 exd5 6. Nf3 
N@e4 7. Be2 d6 8. O-O Bg4 9. N@e3 Bxf3 10. Bxf3 dxe5 11. Nxd5 Qxd5 
12. dxe5 Qxd1 13. Rxd1 Bc5 14. P@d7+ Kf8 15. Q@e8+ Rxe8 16. dxe8=Q+ Kxe8 17. P@d7+ 
Ke7 18. B@g5+ P@f6 19. R@e8+ Rxe8 20. exf6+ gxf6 21. dxe8=Q+ Kxe8 22. P@d7+ Kf8 
23. Bh6+ Kg8 24. d8=Q+ Nxd8 25. Rxd8+ N@f8 26. Bcf4 Bxf2+ 27. Kh1 N@g3+ 28. Bxg3 
Nxg3+ 29. hxg3 R@h2+ 30. Kxh2 Bxg3+ 31. Kxg3 
{Fudpucker forfeits on time} 1-0

[Event "fics rated crazyhouse match"]
[Site "fics, Oklahoma City, OK USA"]
[Date "2000.12.24"]
[White "Fudpucker"]
[WhiteElo "2173"]
[Black "pminear"]
[BlackElo "2544"]
[TimeControl "60+0"]
[Result "0-1"]

1. e4 e5 2. Nf3 Nc6 3. Be2 Nf6 4. d3 d5 5. O-O dxe4 6. dxe4 
P@h3 7. P@d5 hxg2 8. Re1 Nxe4 9. Nc3 Nxc3 10. bxc3 P@g4 11. Ng5 Qxg5 
12. Bxg5 N@h3+ 13. Kxg2 Nxg5 14. Bxg4 B@h3+ 15. Bxh3 Bxh3+ 16. Kg3 N@f5# 
{Fudpucker checkmated} 0-1

[Event "fics rated crazyhouse match"]
[Site "fics, Oklahoma City, OK USA"]
[Date "2000.12.24"]
[White "pminear"]
[WhiteElo "2546"]
[Black "Fudpucker"]
[BlackElo "2171"]
[TimeControl "60+0"]
[Result "1-0"]

1. e4 e6 2. Nc3 Nc6 3. d4 Nf6 4. e5 Nd5 5. Nxd5 exd5 6. Nf3 
d6 7. Bb5 Bg4 8. N@e3 Bxf3 9. Qxf3 dxe5 10. Nxd5 N@e6 11. Bxc6+ bxc6 
12. N@f6+ gxf6 13. Nxf6+ Qxf6 14. Qxf6 B@e7 15. P@d7+ Kxd7 16. Qxf7 Nxd4 17. B@g4+ 
P@e6 18. Bxe6+ Nxe6 19. P@d5 cxd5 20. P@c6+ Kxc6 21. Qxe6+ B@d6 22. P@b5+ Kxb5 
23. Qxd5+ c5 24. a4+ Kb6 25. Q@b7+ Ka5 26. Bd2+ P@b4 27. Qb5# 
{Fudpucker checkmated} 1-0

[Event "fics rated crazyhouse match"]
[Site "fics, Oklahoma City, OK USA"]
[Date "2000.12.24"]
[White "LINDEGREN"]
[WhiteElo "2383"]
[Black "pminear"]
[BlackElo "2548"]
[TimeControl "60+0"]
[Result "1-0"]

1. e4 e5 2. Nc3 Nc6 3. Nf3 Bc5 4. Bc4 Nf6 5. O-O O-O 6. d3 
d6 7. Bg5 Bg4 8. Bxf6 Qxf6 9. N@f5 Bxf5 10. exf5 Qxf5 11. B@e4 Qd7 
12. Nd5 B@d8 13. Bb5 P@e6 14. Bxc6 bxc6 15. Ne3 f5 16. Bxc6 Qxc6 17. N@h5 
B@g4 18. Nxg4 fxg4 19. B@e4 B@d5 20. Bxd5 Qxd5 21. B@e4 gxf3 22. Bxd5 N@e2+ 
23. Qxe2 B@g6 24. Bxe6+ Kh8 25. P@h6 N@e8 26. hxg7+ Nxg7 27. gxf3 Nxh5 28. P@g2 
N@f4 29. Qd2 Nxe6 30. P@h6 P@g7 31. hxg7+ Nhxg7 32. P@h6 P@h3 33. hxg7+ Nxg7 
34. P@h6 B@f6 35. hxg7+ Bxg7 36. N@h6 hxg2 37. Q@g8+ Rxg8 38. N@f7+ Bxf7 39. Nxf7# 
{pminear checkmated} 1-0

[Event "fics rated crazyhouse match"]
[Site "fics, Oklahoma City, OK USA"]
[Date "2000.12.24"]
[White "pminear"]
[WhiteElo "2536"]
[Black "LINDEGREN"]
[BlackElo "2395"]
[TimeControl "60+0"]
[Result "1-0"]

1. e4 Nf6 2. Nc3 Nc6 3. d4 d5 4. exd5 Nxd5 5. Nf3 e6 6. Bd3 
Bb4 7. Bd2 P@f5 8. Nxd5 Bxd2+ 9. Qxd2 exd5 10. Qe3+ B@e4 11. N@h5 Rg8 
12. B@g5 f6 13. P@h6 fxg5 14. hxg7 B@f7 15. Bxe4 dxe4 16. Nxg5 N@d5 17. Nxf7 
Nxe3 18. fxe3 B@h4+ 19. B@g3 Nxd4 20. exd4 Qxd4 21. N@f6+ Bxf6 22. Nxf6+ Kxf7 
23. N@g5+ Kxf6 24. B@e5+ Qxe5 25. Bxe5+ Kxe5 26. P@d4+ Kd6 27. Q@c5+ Kd7 28. B@e6+ 
Ke8 29. P@f7+ Kd8 30. fxg8=Q+ B@e8 31. Nf7# 
{LINDEGREN checkmated} 1-0

[Event "fics rated crazyhouse match"]
[Site "fics, Oklahoma City, OK USA"]
[Date "2000.12.24"]
[White "LINDEGREN"]
[WhiteElo "2390"]
[Black "pminear"]
[BlackElo "2541"]
[TimeControl "60+0"]
[Result "0-1"]

1. e4 e5 2. Nc3 Nc6 3. Nf3 Bc5 4. Bc4 Nf6 5. O-O O-O 6. d3 
d6 7. Bg5 Bg4 8. h3 Bxf3 9. Qxf3 Nd4 10. Qd1 N@e6 11. B@h4 Nxg5 
12. Bxg5 B@e7 13. Bxf6 Bxf6 14. Nd5 B@e2 15. Qe1 Bxf1 16. Qxf1 R@g6 17. N@g4 
Bh4 18. B@f5 Bxf2+ 19. Nxf2 P@e2 20. Qe1 Nf3+ 21. Kh1 Nxe1 22. Bxg6 Bxf2 
23. Bxh7+ Kh8 24. B@h2 N@g3# 
{LINDEGREN resigns} 0-1

[Event "fics rated crazyhouse match"]
[Site "fics, Oklahoma City, OK USA"]
[Date "2000.12.24"]
[White "pminear"]
[WhiteElo "2546"]
[Black "LINDEGREN"]
[BlackElo "2385"]
[TimeControl "60+0"]
[Result "1-0"]

1. e4 Nf6 2. Nc3 Nc6 3. d4 d5 4. exd5 Nxd5 5. Nf3 e6 6. Bd3 
Bb4 7. Bd2 Qe7 8. O-O Bxc3 9. bxc3 f5 10. Bb5 Bd7 11. Bxc6 Bxc6 
12. N@e5 P@f7 13. Nxc6 bxc6 14. Ne5 B@d7 15. B@b7 O-O 16. Bxc6 N@e4 17. Bxd7 
Nxd2 18. Qxd2 N@e4 19. Qc1 B@d2 20. Qd1 Ndxc3 21. Qh5 P@g6 22. Qh3 Ng5 
23. Qd3 Nce4 24. N@c6 Qf6 25. B@e7 Bf4 26. Bxf6 Nxf6 27. B@h4 B@e4 28. Bxg5 
Bxd3 29. Bxf6 gxf6 30. P@g7 Kxg7 31. P@g3 P@e2 32. gxf4 exf1=Q+ 33. Rxf1 B@h6 
34. P@g5 fxg5 35. B@f6+ Kxf6 36. N@g4+ Kg7 37. Q@f6+ Kg8 38. Ne7# 
{LINDEGREN checkmated} 1-0